 Dungeon Crawl Stone Soup version 0.25.1-2-g60ff931df9 (webtiles) character file.

Game seed: 9837616443220256138

359 pokeman the Magician (level 6, -1/34 HPs)
             Began as a Deep Elf Wizard on Oct 29, 2020.
             Slain by an orc warrior
             ... wielding a +0 trident
              (8 damage)
             ... on level 6 of the Dungeon.
             The game lasted 00:08:48 (4435 turns).

pokeman the Magician (Deep Elf Wizard)              Turns: 4435, Time: 00:08:48

Health: -1/34      AC:  6    Str:  4    XL:     6   Next: 37%
Magic:  13/17      EV: 12    Int: 25    God:
Gold:   145        SH:  0    Dex: 13    Spells: 7/18 levels left

rFire    . . .     SeeInvis +   x - +3 quarterstaff (chaos)
rCold    . . .     Gourm    .   (shield currently unavailable)
rNeg     . . .     Faith    .   A - +0 leather armour
rPois    .         Spirit   .   b - +0 hat
rElec    .         Reflect  .   y - +0 cloak
rCorr    .         Harm     .   c - +0 pair of gloves
MR       .....     Rnd*Tele +   g - +0 pair of boots
Stlth    ++........             (no amulet)
HPRegen  0.11/turn              h - ring of teleportation (curse)
MPRegen  0.15/turn              t - ring of see invisible

@: no status effects
A: no striking features
a: no special abilities


You were on level 6 of the Dungeon.
You were not hungry.

You visited 1 branch of the dungeon, and saw 4 of its levels.

You collected 145 gold pieces.

Inventory:

Hand Weapons
 x - a +3 quarterstaff of chaos (weapon)
Missiles
 r - 29 bolts
Armour
 b - a +0 hat (worn)
 c - a +0 pair of gloves (worn)
 g - a +0 pair of boots (worn)
 m - a +0 buckler
 y - a +0 cloak (worn)
 A - a +0 leather armour (worn)
Jewellery
 h - a cursed ring of teleportation (left hand)
 t - a ring of see invisible (right hand)
Wands
 a - a wand of disintegration (18)
Scrolls
 f - a scroll of teleportation {unknown}
 k - a scroll of remove curse {unknown}
 l - a scroll of enchant armour {unknown}
 o - 3 scrolls of identify {unknown}
 s - a scroll of random uselessness {unknown}
Potions
 e - a potion of haste {unknown}
 i - a potion of stabbing {unknown}
 j - a potion of cancellation {unknown}
 n - 2 potions of curing {unknown}
 p - a potion of berserk rage {unknown}
 q - 2 potions of degeneration {unknown}
 u - a potion of heal wounds {unknown}
 v - a potion of flight {unknown}
 z - a potion of mutation {unknown}
 B - a potion of lignification {unknown}
Comestibles
 d - 6 rations


   Skills:
 + Level 1.0 Fighting
 - Level 1.0 Armour
 - Level 3.0 Dodging
 - Level 2.4 Stealth
 - Level 1.0 Shields
 * Level 6.7 Spellcasting
 * Level 3.8 Conjurations
 - Level 1.1 Summonings
 - Level 1.1 Translocations
 - Level 1.0 Fire Magic
 - Level 1.0 Air Magic
 - Level 1.0 Poison Magic
 + Level 0.3 Evocations


You had 7 spell levels left.
You knew the following spells:

 Your Spells              Type           Power        Failure   Level  Hunger
a - Magic Dart            Conj           ####         2%          1    None
b - Mephitic Cloud        Conj/Pois/Air  ###.....     16%         3    None
c - Call Imp              Summ           ##......     12%         2    None
d - Blink                 Tloc           N/A          12%         2    None
e - Conjure Flame         Conj/Fire      ###.....     13%         3    None

Your spell library contained the following spells:

 Spells                   Type           Power        Failure   Level  Hunger
 Slow                     Hex            #.......     19%         2    None


Dungeon Overview and Level Annotations

Branches:
Dungeon (3/15)

Altars:
Yredelemnul


Message History

The orc wizard gestures wildly while chanting.
The orc wizard flickers and vanishes for a moment.
The bullfrog is engulfed in noxious fumes.
The bullfrog appears confused.
Unknown command.
You feel less confused.
The bullfrog is engulfed in noxious fumes.
The bullfrog appears confused.
The adder bites you but does no damage.
Unknown command.
Casting: Mephitic Cloud (quite dangerous; 16% risk of failure)
Confirm with . or Enter, or press ? or * to list all spells.
Aiming: Magic Dart (safe; 2% risk of failure)
Press: ? - help, Shift-Dir - straight line, f/p - adder
Aim: an adder The magic dart hits the adder.
The adder is moderately wounded.
The bullfrog hits the adder.
The orc warrior is engulfed in noxious fumes.
The orc warrior hits you from afar with a +0 trident!
You die...

#.............
#.....>..##.#.
#........# #
#..o.g..## ###
##.#o##..#
#..#
#ohh###.##
#...##oo......
#...○F○#####.
#..@S###
##.### #. ..
##. ##


You could see an orc warrior, a bullfrog (confused), an orc wizard (fast,
invisible), a gnoll, an adder, 3 orcs and 2 jackals.

Vanquished Creatures
  Crazy Yiuf (D:2)
  An orc priest (D:3)
  Ijyb (D:3)
  Natasha (thrice) (D:2)
  An orc wizard (D:3)
  3 gnolls
  5 adders
  3 oozes
  2 worms (D:2)
  3 dart slugs
  A leopard gecko (D:1)
  3 orcs
  5 giant cockroaches
  9 goblins
  6 hobgoblins
  4 jackals
  10 kobolds
  A quokka (D:2)
  A ball python (D:3)
  17 bats
  7 frilled lizards
  4 rats
  A spectral orc (D:2)
  A fungus (D:2)
93 creatures vanquished.

Notes
Turn   | Place    | Note
-------+----------+-------------------------------------------
     0 | D:1      | pokeman the Deep Elf Wizard began the quest for the Orb.
     0 | D:1      | Reached XP level 1. HP: 10/10 MP: 7/7
   219 | D:1      | Reached XP level 2. HP: 16/16 MP: 5/9
   489 | D:1      | Reached skill level 5 in Spellcasting
   544 | D:1      | Reached XP level 3. HP: 15/20 MP: 1/11
   604 | D:1      | Learned a level 3 spell: Mephitic Cloud
   607 | D:1      | Learned a level 2 spell: Call Imp
   610 | D:1      | Learned a level 2 spell: Blink
   614 | D:1      | Learned a level 3 spell: Conjure Flame
  1232 | D:1      | Reached skill level 1 in Fighting
  1232 | D:1      | Reached skill level 1 in Armour
  1808 | D:2      | Found a basalt altar of Yredelemnul.
  2073 | D:2      | Noticed Natasha
  2078 | D:2      | Killed Natasha
  2078 | D:2      | Reached XP level 4. HP: 25/25 MP: 6/13
  2853 | D:2      | Noticed Natasha
  2864 | D:2      | Killed Natasha
  2864 | D:2      | Reached skill level 6 in Spellcasting
  2864 | D:2      | Reached XP level 5. HP: 29/29 MP: 3/15
  3018 | D:2      | Noticed Natasha
  3024 | D:2      | Killed Natasha
  3024 | D:2      | Reached skill level 1 in Shields
  3458 | D:2      | Found a runed translucent door.
  3459 | D:2      | Noticed Crazy Yiuf
  3476 | D:2      | Killed Crazy Yiuf
  3612 | D:2      | Reached skill level 1 in Fire Magic
  3779 | D:3      | Noticed Ijyb
  3782 | D:3      | Paralysed by Ijyb for 5 turns
  3794 | D:3      | Killed Ijyb
  3912 | D:3      | Reached XP level 6. HP: 34/34 MP: 10/17
  4128 | D:3      | Reached skill level 1 in Air Magic
  4349 | D:3      | Reached skill level 1 in Poison Magic
  4410 | D:3      | You fall into a shaft and drop 3 floors!
  4424 | D:6      | Noticed an orc warrior
  4435 | D:6      | Slain by an orc warrior

Illustrated notes

Levels and vault maps discovered:
D:1:      psy_arrival_whirlpool, layout_basic
D:2:      layout_basic, yredelemnul_forgotten_temple_becter, uniq_natasha,
          uniq_crazy_yiuf_cottage
D:3:      layout_loops_ring, first_ration, minmay_misc_feat_ornament, uniq_ijyb
D:6:      layout_cave_pools, lemuel_blue_sif_altar, overflow_temple_1_default,
          kennysheep_okawaru_gauntlet, minmay_temple_entry_drinking_statues,
          minmay_chambers_of_fives

Skill      XL: |  1  2  3  4  5  6 |
---------------+-------------------+-----
Spellcasting   | 5 6 |  6.7
Fighting       | 1 |  1.0
Armour         | 1 |  1.0
Conjurations   | 2 3 |  3.8
Dodging        | 3 |  3.0
Shields        | 1 |  1.0
Fire Magic     | 1 |  1.0
Air Magic      | 1 |  1.0
Poison Magic   | 1 |  1.0
Stealth        | |  2.4
Summonings     | |  1.1
Translocations | |  1.1
Evocations     | |  0.3

Action                   |  1- 3 |  4- 6 || total
-------------------------+-------+-------++-------
Melee: Unarmed           |    46 |    89 ||   135
       Quarterstaff      |       |    20 ||    20
 Cast: Magic Dart        |   115 |   114 ||   229
       Mephitic Cloud    |       |     6 ||     6
       Conjure Flame     |       |     2 ||     2
       Call Imp          |       |     1 ||     1
 Stab: Distracted        |       |     1 ||     1
  Eat: Chunk             |     3 |     8 ||    11
Armor: Robe              |    16 |     5 ||    21
       Leather armour    |       |    14 ||    14
Dodge: Dodged            |    70 |    49 ||   119
